AoeStats
← Steffels

Arabia

509180007Analyzed
1v1 RM · 7d ago on Sep 25, 2026· 46m 57s· 2 players
Game mode
Random Map
Map size
Tiny (2 player)
Population
200
Speed
Normal
Resources
Standard
Victory
Conquest
Starting age
Dark Age
Ending age
Imperial Age
RankedLock teamsTeams togetherTeam positionsShared explorationLock speedFull tech treeHidden civsTurbo modeCheats
Victory
Defeat
🇧🇪 Varangians · Belgium
1060
+24
🇺🇸 Danes · United States
1103
-18
Steffels
6:10 Loom
9:24 Feudal Age
10:14 Double-Bit Axe
14:35 Bloodlines
21:45 Castle Age
19:42 Fletching
21:50 Gold Mining
21:52 Crossbowman
22:28 Bodkin Arrow
22:30 Horse Collar
24:22 Padded Archer Armor
26:08 Wheelbarrow
29:44 Bloodlines
31:13 Scale Barding Armor
31:32 Husbandry
35:13 Chain Barding Armor
35:05 Forging
35:48 Hand Cart
38:29 Imperial Age
38:33 Leather Archer Armor
38:54 Iron Casting
39:16 Bracer
41:00 Plate Barding Armor
39:54 Cavalier
41:24 Ballistics
42:04 Chemistry
42:59 Blast Furnace
42:30 Ring Archer Armor
43:46 Ring Archer Armor
44:43 Vendel Legacy
45:43 Conscription
fishbonestew
7:16 Loom
9:46 Feudal Age
9:54 Man-at-Arms
16:37 Horse Collar
16:45 Double-Bit Axe
19:08 Wheelbarrow
23:32 Castle Age
21:52 Fletching
22:02 Padded Archer Armor
24:51 Bow Saw
25:46 Elite Skirmisher
29:27 Pikeman
32:44 Scale Mail Armor
32:40 Bodkin Arrow
33:03 Leather Archer Armor
32:48 Scale Mail Armor
33:13 Arson
33:29 Squires
38:15 Gold Mining
38:59 Hand Cart
42:21 Imperial Age
Connection lost

Rejoining the realm…

Still unreachable

The connection could not be restored.

Session expired

The server has moved on; the page needs a fresh start.